Map: Frost LE

Players

Fropez

  • Race: Protoss Protoss
  • League: Gold
  • Spawn Location: 5:00

Wacko - Winner!

  • Race: Terran Terran
  • League: Silver
  • Spawn Location: 11:00

VOD

Have the link to the VOD?

Description

Time

  • Played on: Sept. 21, 2016, 4:19 p.m.
  • Length: 6:36
Show
View Real Time Build Order
Export as new Build Order

Fropez Protoss 

Build Orders: Blink Stalkers 

Get SALT Encoding   

  12  0:02  Probe (Chrono Boost)  
  13  0:18  Pylon  
  13  0:20  Probe (Chrono Boost)  
  14  0:30  Probe (Chrono Boost)  
  15  0:37  Gateway  
  15  0:41  Probe (Chrono Boost)  
  16  0:45  Assimilator  
  16  0:51  Probe (Chrono Boost)  
  17  0:59  Pylon  
  17  1:02  Probe (Chrono Boost)  
  18  1:12  Probe (Chrono Boost)  
  19  1:24  Assimilator  
  19  1:27  Cybernetics Core  
  19  1:28  Probe (Chrono Boost)  
  20  1:39  Probe (Chrono Boost)  
  21  1:48  Gateway  
  21  1:53  Probe (Chrono Boost)  
  22  1:58  Pylon  
  22  2:04  Mothership Core (Chrono Boost)  
  22  2:05  Warp Gate (Chrono Boost)  
  26  2:08  Adept  
  26  2:25  Probe  
  26  2:29  Pylon  
  27  2:36  Pylon  
  27  2:37  Adept, Probe  
  27  2:43  Adept  
  32  2:57  Probe  
  34  3:15  Twilight Council  
  34  3:21  Robotics Facility  
  33  3:39  Probe  
  38  3:49  Pylon  
  38  3:51  Probe, Blink (Chrono Boost)  
  39  3:58  Nexus  
  35  4:07  Pylon  
  35  4:15  Warp Prism  
  37  4:20  Probe  
  38  4:33  Probe  
  38  4:36  Stalker  
  41  4:39  Stalker  
  41  4:45  Probe  
  44  4:57  Probe  
  46  5:00  Observer  
  46  5:08  Probe  
  46  5:09  Probe  
  48  5:19  Probe  
  49  5:21  Probe  
  50  5:29  Probe, Dark Shrine  
  50  5:33  Probe  
  50  5:36  Adept  
  50  5:37  Adept  
  50  5:40  Pylon  
  54  5:48  Immortal (Chrono Boost)  
  58  6:03  Probe  
  58  6:04  Probe, Gateway  
  58  6:06  Gateway  
  58  6:08  Pylon  
  58  6:09  Stalker  
  62  6:13  Stalker  
  62  6:16  Probe  
Show
View Real Time Build Order
Export as new Build Order

Wacko Terran - Winner!

Build Orders: MMM Bio 

Get SALT Encoding   

  12  0:03  SCV  
  13  0:15  SCV  
  13  0:21  Supply Depot  
  14  0:27  SCV  
  15  0:33  Refinery  
  15  0:42  SCV  
  16  0:46  Barracks  
  16  0:56  Supply Depot  
  16  0:59  SCV  
  17  1:11  SCV  
  18  1:20  Barracks  
  18  1:23  SCV  
  19  1:33  Barracks Reactor  
  19  1:36  SCV  
  20  1:43  Engineering Bay  
  20  1:48  SCV  
  21  2:00  SCV  
  22  2:06  Barracks Tech Lab  
  22  2:09  Refinery  
  22  2:11  Terran Infantry Armor Level 1  
  22  2:15  Orbital Command  
  22  2:18  Marine  
  23  2:23  Marine  
  24  2:38  Stimpack  
  24  2:46  SCV  
  24  2:47  Marine  
  24  2:48  Marine x2  
  28  2:54  Barracks  
  28  2:59  SCV  
  29  3:05  Marine x2  
  31  3:14  Supply Depot  
  31  3:35  Marine  
  31  3:37  Supply Depot  
  31  3:38  Marine x2  
  34  3:44  Barracks Reactor  
  34  3:53  Marauder  
  36  3:56  Marine x2  
  38  4:05  Supply Depot, Terran Infantry Weapons Level 1  
  38  4:14  Marine x2  
  38  4:15  Marauder  
  42  4:21  Marine x2  
  44  4:32  Marine x2  
  44  4:35  Supply Depot  
  44  4:36  Marauder  
  48  4:39  Marine x2, Combat Shields  
  50  4:49  Marine x2  
  52  4:57  Marine x3  
  55  5:07  Marine, Supply Depot  
  55  5:08  Marine  
  57  5:15  Marauder  
  57  5:16  Marine x2  
  61  5:25  Marine  
  61  5:26  Marine  
  63  5:50  Marine  
  63  5:51  Marine  
  63  5:55  Command Center  
Tags
 
Matchup
PvT
Replay Pack
All Mines
Spawn Locations
Cross Positions
Add a new tag
Caveats
  • Supply blocks, unpowered buildings, or Contaminate may cause inaccurate times.
  • Supply counts are checked every 10 seconds.